 Dungeon Crawl Stone Soup version 0.29.1-1-gd02db6906a (webtiles) character file.

Game seed: 15355979920950933030

22 AlexRAT the Chopper (level 2, -9/40 HPs)
             Began as a Minotaur Berserker on Oct 19, 2022.
             Was a Follower of Trog.
             Mangled by Sigmund
             ... wielding a +0 scythe
              (10 damage)
             ... on level 2 of the Dungeon.
             The game lasted 00:01:07 (962 turns).

AlexRAT the Chopper (Minotaur Berserker)             Turns: 962, Time: 00:01:08

Health: -9/40      AC:  5    Str: 21    XL:     2   Next: 68%
Magic:  1/1        EV: 11    Int:  4    God:    Trog [*.....]
Gold:   29         SH:  0    Dex:  9    Spells: 1/1 levels left

rFire   . . .      SeeInvis .   a - +0 hand axe
rCold   . . .      Faith    .   (no shield)
rNeg    . . .      Spirit   .   c - +0 ring mail
rPois   .          Reflect  .   (helmet restricted)
rElec   .          Harm     .   (no cloak)
rCorr   .          Rampage  .   (no gloves)
Will    .....                   (no boots)
Stlth   ..........              (no amulet)
HPRegen 0.13/turn               (no ring)
MPRegen 0.07/turn               (no ring)

@: berserking, very quick
A: horns 2, retaliatory headbutt
a: Renounce Religion, Berserk


You were on level 2 of the Dungeon.
You worshipped Trog.
Trog was aware of your devotion.
You visited 1 branch of the dungeon, and saw 2 of its levels.

You collected 29 gold pieces.

Inventory:

Hand Weapons
 a - a +0 hand axe (weapon)
Armour
 b - a +0 animal skin
 c - a +0 ring mail (worn)
Scrolls
 e - a scroll of enchant armour {unknown}
 g - a scroll of identify {unknown}
 h - a scroll of poison {unknown}
 i - a scroll of summoning {unknown}
 k - 2 scrolls of blinking {unknown}
 l - a scroll of acquirement {unknown}
 m - a scroll of fog {unknown}
Potions
 d - a potion of invisibility {unknown}
 f - 2 potions of lignification {unknown}
 j - a potion of flight {unknown}


   Skills:
 + Level 3.9 Fighting
 + Level 4.0 Axes
 + Level 2.9 Armour
 + Level 2.6 Dodging


You had one spell level left.
You didn't know any spells.
Your spell library was empty.

Dungeon Overview and Level Annotations

Branches:
Dungeon (2/15)

Altars:

Annotations:
D:2 Sigmund


Innate Abilities, Weirdness & Mutations

You have a pair of horns on your head.
You reflexively headbutt those who attack you in melee.


Message History

The ball python constricts you. The ball python closely misses you.
The ball python constricts you.
You hit the ball python.
You kill the ball python!
Trog accepts your kill.
Sigmund points at you and mumbles some strange words.
You resist with significant effort.
The frilled lizard bites you but does no damage.
Sigmund says, "Don't worry, I'll kill you fast."
Sigmund gestures at you while chanting. The puff of flame misses you.
You see here a ball python corpse.
You closely miss the frilled lizard. The frilled lizard bites you.
You closely miss the frilled lizard.
The frilled lizard bites you but does no damage.
Sigmund hits you from afar with a +0 scythe!
You hit the frilled lizard.
You kill the frilled lizard!
Trog accepts your kill.
Sigmund drinks a potion.
Sigmund seems to grow stronger.
Found 8 gold pieces.
Sigmund hits you but does no damage.
You hit Sigmund.
Sigmund is lightly wounded.
You closely miss Sigmund.
Sigmund is lightly wounded.
Sigmund hits you with a +0 scythe!
Ouch! That really hurt!
* * * LOW HITPOINT WARNING * * *
A red film seems to cover your vision as you go berserk!
You feel yourself moving faster!
You feel mighty!
A kobold comes into view. It is wielding a +0 short sword.
Sigmund misses you. You furiously retaliate!
You headbutt Sigmund! You completely miss Sigmund.
Sigmund is severely wounded.
The kobold shouts!
The kobold throws a stone.
The stone hits you but does no damage.
You completely miss Sigmund. You headbutt Sigmund.
Sigmund is almost dead.
Sigmund hits you with a +0 scythe!
You die...

#?. ## #..# ..##.K..
.....# .... #. ###.#
#...####...#
#....†...####
#####@.#....# ..
..$...@.#####.######....
.....?..#####.#..<>.....
................#####.#.
........#####..........
........# .......#####.
#########..####.## #..
#.. .. ##.#


You could see Sigmund (strong) and a kobold.

Vanquished Creatures
  A gnoll (D:1)
  An endoplasm (D:1)
  A goblin (D:1)
  4 ball pythons
  2 frilled lizards
  5 rats (D:1)
14 creatures vanquished.

Vanquished Creatures (others)
  3 plants (D:1)
3 creatures vanquished.

Grand Total: 17 creatures vanquished

Notes
Turn   | Place    | Note
-------+----------+-------------------------------------------
     0 | D:1      | AlexRAT the Minotaur Berserker began the quest for the Orb.
     0 | D:1      | Reached XP level 1. HP: 19/19 MP: 0/0
   372 | D:1      | Reached XP level 2. HP: 14/27 MP: 1/1
   594 | D:1      | Reached skill level 4 in Axes
   948 | D:2      | Noticed Sigmund
   959 | D:2      | HP: 1/27 [Sigmund/+0 scythe (15)]
   962 | D:2      | Mangled by Sigmund

Illustrated notes

Levels and vault maps discovered:
D:1:      tarquinn_simple_flora_water_f, layout_rooms, nicolae_eternal_life,
          nicolae_grassy_gnolls
D:2:      layout_rooms, chequers_ecumenical_altar_twisty,
          minmay_misc_feat_columns, lexackson_kobold_supper, uniq_sigmund,
          uniq_natasha

Skill      XL: |  1  2 |
---------------+-------+-----
Axes           | 4 |  4.0
Fighting       | |  3.9
Armour         | |  2.9
Dodging        | |  2.6

Action                   || total
-------------------------++-------
Melee: Hand axe          ||    36
       Headbutt          ||     3
Invok: Berserk           ||     1
Armor: Ring mail         ||    13
       Animal skin       ||     1
Dodge: Dodged            ||    14
